 Dungeon Crawl Stone Soup version 0.28-a0-881-gae16bb6c82 (webtiles) character file.

Game seed: 15661338961500517198

30286 Htamos the Fighter (level 13, -11/109 HPs)
             Began as a Human Fighter on Nov 21, 2021.
             Was an Initiate of Gozag.
             Killed from afar by a raiju (15 damage)
             ... with a living lightning
             ... on level 2 of the Abyss.
             The game lasted 00:38:48 (17721 turns).

Htamos the Fighter (Human Fighter)                 Turns: 17721, Time: 00:38:49

Health: -11/109    AC: 25    Str: 17 (19) XL:     13   Next: 87%
Magic:  13/13      EV:  9    Int:  8      God:    Gozag
Gold:   1297       SH: 15    Dex: 22      Spells: 12/12 levels left

rFire   + + +      SeeInvis .   a - +1 war axe (drain)
rCold   . . .      Faith    .   r - +2 kite shield {rF+}
rNeg    + . .      Spirit   .   D - +0 plate armour {rF+}
rPois   .          Reflect  .   s - +2 hat
rElec   .          Harm     .   C - +1 cloak
rCorr   .          Rampage  .   e - +1 pair of gloves
Will    .....                   y - +2 pair of boots {rF+}
Stlth   ..........              (no amulet)
HPRegen 0.28/turn               f - ring of positive energy
MPRegen 0.13/turn               k - +6 ring of dexterity

@: no status effects
A: deterioration 1, mutation resistance 1
a: Renounce Religion, Potion Petition, Call Merchant, Bribe Branch


You were on level 2 of the Abyss.
You worshipped Gozag.
Gozag was most pleased with you.
You visited 3 branches of the dungeon, and saw 15 of its levels.
You visited the Abyss 1 time.
You also visited: Ossuary.

You collected 3236 gold pieces.
You spent 1900 gold pieces at shops.
You paid 39 gold pieces to Gozag.

Inventory:

Hand Weapons
 a - a +1 war axe of draining (weapon)
 h - a +3 hand axe
 j - a +2 rapier of venom
 t - the +10 fustibalus "Joupliorch" {freeze, Int+3}
   (You found it on level 2 of the Abyss)

   Any ammunition fired from it freezes those it strikes, dealing additional
   cold damage.
   It can also slow down cold-blooded creatures.
   Int:       It affects your intelligence (+3).
 A - a +2 vorpal battleaxe
 E - a +3 flail
Missiles
 x - 2 throwing nets (quivered)
Armour
 b - a +0 scale mail
 c - a +0 buckler
 e - a +1 pair of gloves (worn)
 m - a +0 chain mail
 r - a +2 kite shield of fire resistance (worn)
 s - a +2 hat (worn)
 y - a +2 pair of boots of fire resistance (worn)
 B - a scarf of repulsion
 C - a +1 cloak (worn)
 D - a +0 plate armour of fire resistance (worn)
 L - a +2 pair of boots of stealth
 M - the +5 ring mail "Trusted Companion" {Int+4}
   (You took it off a kobold brigand on level 11 of the Dungeon)

   Int:       It affects your intelligence (+4).
Magical Staves
 u - a staff of conjuration
Jewellery
 d - an amulet of guardian spirit
 f - a ring of positive energy (left hand)
 k - a +6 ring of dexterity (right hand)
 o - a ring of ice
 w - a ring of willpower
 H - a ring of ice
Wands
 z - a wand of digging (4)
Scrolls
 g - 2 scrolls of holy word
 i - a scroll of vulnerability
 l - a scroll of magic mapping
 n - a scroll of identify {@rr}
 p - 3 scrolls of amnesia
 G - 4 scrolls of torment
Potions
 q - a potion of magic
 v - 4 potions of flight
 F - a potion of curing {@qc}


   Skills:
 * Level 12.5 Fighting
 + Level 8.8(9.6) Axes
 - Level 5.8(8.1) Maces & Flails
 + Level 11.0 Armour
 + Level 8.4 Dodging
 + Level 9.2 Shields


You had 12 spell levels left.
You didn't know any spells.
Your spell library contained the following spells:

 Spells                   Type           Power      Damage    Failure   Level
 Corpse Rot               Necr/Air       0%         N/A       100%        2
 Passwall                 Tmut/Erth      0%         N/A       100%        2
 Swiftness                Air            0%         N/A       100%        3
 Dispel Undead            Necr           0%         3d6       100%        4
 Summon Lightning Spire   Summ/Air       0%         N/A       100%        4
 Death Channel            Necr           0%         N/A       100%        6
 Dispersal                Tloc           0%         N/A       100%        6
 Storm Form               Tmut/Air       0%         N/A       100%        7
 Disjunction              Tloc           0%         N/A       100%        8
 Maxwell's Capacitive Co  Air            0%         ∞         100%        8


Dungeon Overview and Level Annotations

Branches:
Dungeon (12/15)            Temple (0/1) D:5            Lair (1/6) D:10
    Orc (2/2) D:10        Ossuary (visited)
    Elf: Orc:2

Altars:
Ashenzari
Cheibriados
Dithmenos
Gozag
Hepliaklqana
Makhleb
Nemelex Xobeh
Okawaru
Ru
Sif Muna
Vehumet
Xom
Yredelemnul
Beogh

Shops:
D:4 *   D:10 !

Annotations:
D:8 2 transporters, mushki's ghost, novice MiFi
D:11 1 runed translucent door, tensugalgo's ghost, journeyman OgCK
D:12 Azrael; Kirke
Orc:2 Erolcha; Saint Roka


Innate Abilities, Weirdness & Mutations

Your body sometimes deteriorates upon taking damage.
You are somewhat resistant to further mutation.


Message History

The raiju bursts into living lightning!
The living lightning hits you!!
* * * LOW HITPOINT WARNING * * *
Your body deteriorates!
You feel weakened.
The raiju blinks!
You hit the raiju.
The raiju is heavily wounded.
The raiju barely misses you. The raiju bites you but does no damage.
You barely miss the raiju.
The raiju is heavily wounded.
The raiju stops to sniff the ground.
The raiju bursts into living lightning!
The living lightning hits you!!
* * * LOW HITPOINT WARNING * * *
The raiju blinks!
Your shield and plate armour prevent you from hitting the raiju.
The raiju is heavily wounded.
The raiju closely misses you.
Unknown command.
You feel better. The raiju bites you but does no damage.
A starcursed mass splits.
The raiju bites you but does no damage.
A starcursed mass splits. x2
The raiju bursts into living lightning!
The living lightning hits you!
* * * LOW HITPOINT WARNING * * *
The raiju blinks!
A starcursed mass splits. x2
A deafening chorus of shrieks assaults your mind!
* * * LOW HITPOINT WARNING * * *
A starcursed mass splits.
Found a potion of mutation.
The raiju bursts into living lightning!
The living lightning hits you.
* * * LOW HITPOINT WARNING * * *
The raiju blinks!
A starcursed mass splits.
A starcursed mass splits.
The raiju bursts into living lightning!
The living lightning hits you!
You die...
Your body crumbles into a pile of gold.

##..X...#
#..X.###
#X.X.X#
#.XX.##
#....#
#h...#
##....#
##.....##
#...@...#
##......#
##....##
..!....
#.......#
#.......#
#.......#
#...#...#


You could see 6 starcursed masses and a raiju (drained).

Vanquished Creatures
  Fannar (D:12)
  A centaur warrior (D:11)
  3 two-headed ogres
  A tengu warrior (D:11)
  Urug (D:11)
  Pikel (D:6)
  3 orc knights (D:10)
  2 orc sorcerers
  A manticore (D:11)
  An ugly thing (D:9)
  A cyclops (D:12)
  Maurice (D:8)
  Maggie (D:6)
  A komodo dragon (D:11)
  4 trolls
  A hornet (D:8)
  3 slime creatures (D:8)
  Prince Ribbit (D:6)
  3 raiju (Abyss:2)
  A vampire (D:11)
  2 wraiths
  A wyvern (D:8)
  18 yaks
  Eustachio (D:4)
  9 wargs
  15 orc warriors
  3 necrophages
  5 ogres
  A black bear (D:6)
  5 centaurs
  5 wolves (Lair:1)
  A phantom (D:6)
  2 elf zombies (Ossuary)
  2 kobold brigands
  2 bullfrogs
  2 scorpions
  A wyvern skeleton (D:6)
  13 killer bees
  9 wights
  6 howler monkeys
  A bullfrog zombie (D:7)
  A human zombie (Ossuary)
  5 centaur zombies
  2 jellies
  3 hounds
  15 orc priests
  A bullfrog skeleton (D:7)
  A gnoll shaman (D:9)
  A centaur skeleton (D:4)
  5 iguanas
  11 orc wizards
  2 hound skeletons
  2 mummies (Ossuary)
  8 adders
  9 gnolls
  A shadow imp (D:6)
  4 white imps
  An ufetubus (Abyss:2)
  2 adder zombies (Ossuary)
  2 dart slugs
  49 orcs
  4 ball pythons
  4 bats
  11 endoplasms
  5 giant cockroaches
  9 goblins
  11 hobgoblins
  2 jackals (D:3)
  14 kobolds
  3 quokkas
  2 goblin zombies (Ossuary)
  7 hobgoblin zombies (Ossuary)
  2 jackal zombies (Ossuary)
  9 kobold zombies (Ossuary)
  9 orc zombies (Ossuary)
  4 rats
  2 rat zombies (Ossuary)
359 creatures vanquished.

Vanquished Creatures (collateral kills)
  2 wights (D:7)
2 creatures vanquished.

Vanquished Creatures (others)
  3 wights (D:8)
  An orc (Orc:1)
  A fungus (Lair:1)
  A plant (D:10)
  3 starspawn tentacles (Abyss:2)
9 creatures vanquished.

Grand Total: 370 creatures vanquished

Notes
Turn   | Place    | Note
-------+----------+-------------------------------------------
     0 | D:1      | Htamos the Human Fighter began the quest for the Orb.
     0 | D:1      | Reached XP level 1. HP: 18/18 MP: 1/1
   160 | D:1      | Reached XP level 2. HP: 24/24 MP: 2/2
   542 | D:1      | Found a faded altar of an unknown god.
   660 | D:1      | Reached XP level 3. HP: 22/29 MP: 3/3
  1545 | D:2      | Reached XP level 4. HP: 36/36 MP: 4/4
  1977 | D:3      | Reached skill level 1 in Dodging
  2296 | D:3      | Reached XP level 5. HP: 23/42 MP: 5/5
  2299 | D:3      | Reached skill level 4 in Fighting
  2488 | D:3      | Found a basalt altar of Yredelemnul.
  2590 | D:3      | Found a shimmering altar of Xom.
  2590 | D:3      | Found an opulent altar of Gozag.
  2593 | D:3      | Found a sacrificial altar of Ru.
  2595 | D:3      | Found a sparkling altar of Nemelex Xobeh.
  2604 | D:3      | Became a worshipper of Gozag Ym Sagoz the Greedy
  3053 | D:4      | Found a shadowy altar of Dithmenos.
  3099 | D:4      | Found a radiant altar of Vehumet.
  3224 | D:4      | Reached XP level 6. HP: 49/49 MP: 6/6
  3367 | D:4      | Noticed Eustachio
  3375 | D:4      | Gained mutation: You are somewhat resistant to further
                  | mutation. [potion of mutation]
  3375 | D:4      | Gained mutation: Your body sometimes deteriorates upon
                  | taking damage. [potion of mutation]
  3385 | D:4      | Killed Eustachio
  3604 | D:4      | Found Waihamyw's Fire Supplies.
  3632 | D:4      | Found a snail-covered altar of Cheibriados.
  4022 | D:4      | Reached XP level 7. HP: 24/55 MP: 7/7
  4234 | D:4      | Found a shimmering blue altar of Sif Muna.
  4546 | D:5      | Entered Level 5 of the Dungeon
  4554 | D:5      | Reached skill level 5 in Fighting
  4611 | D:4      | Bought a +2 pair of boots of fire resistance for 279 gold
                  | pieces
  4830 | D:4      | Reached XP level 8. HP: 63/63 MP: 8/8
  5114 | D:5      | Found a staircase to the Ecumenical Temple.
  5449 | D:5      | Found a broken altar of Ashenzari.
  5531 | D:4      | Reached skill level 6 in Fighting
  5925 | D:5      | Reached skill level 5 in Shields
  6156 | D:5      | Reached skill level 5 in Armour
  6336 | D:6      | Found a sand-covered staircase.
  6337 | D:6      | Noticed Pikel
  6340 | Ossuary  | Entered an ossuary
  6601 | Ossuary  | Reached XP level 9. HP: 71/71 MP: 9/9
  6870 | D:6      | Killed Pikel
  6871 | D:6      | Reached skill level 7 in Fighting
  6871 | D:6      | Reached skill level 5 in Axes
  7218 | D:6      | Noticed Maggie
  7230 | D:6      | Noticed Prince Ribbit
  7235 | D:6      | Killed Maggie
  7242 | D:6      | Killed Prince Ribbit
  7243 | D:6      | Reached skill level 8 in Fighting
  7476 | D:6      | Reached skill level 5 in Dodging
  7476 | D:6      | Reached XP level 10. HP: 80/80 MP: 10/10
  8599 | D:8      | Noticed mushki's ghost (novice MiFi)
  8599 | D:8      | Found a transporter.
  8600 | D:8      | Noticed a moth of wrath
  8625 | D:8      | Found a transporter.
  8921 | D:8      | Noticed Maurice
  8973 | D:8      | Killed Maurice
  8974 | D:8      | Reached skill level 9 in Fighting
  9718 | D:4      | Bought a +2 kite shield of fire resistance for 279 gold
                  | pieces
  9718 | D:4      | Bought a +0 plate armour of fire resistance for 390 gold
                  | pieces
 10031 | D:8      | Reached XP level 11. HP: 84/89 MP: 11/11
 10380 | D:8      | Reached skill level 10 in Fighting
 10692 | D:9      | Found a hazy altar of Hepliaklqana.
 11091 | D:9      | Noticed a brown ugly thing
 11127 | D:9      | Killed a brown ugly thing
 11385 | D:10     | Entered Level 10 of the Dungeon
 11498 | D:10     | Found an iron altar of Okawaru.
 11505 | D:10     | Found Kiacis's Distillery.
 11513 | D:10     | Bought a potion of might for 56 gold pieces
 11513 | D:10     | Bought a potion of might for 56 gold pieces
 11513 | D:10     | Bought 2 potions of heal wounds for 140 gold pieces
 11765 | D:10     | Found a staircase to the Orcish Mines.
 11964 | D:10     | Found a burning altar of Makhleb.
 12210 | D:10     | Found a staircase to the Lair.
 12726 | D:10     | Reached skill level 11 in Fighting
 12918 | D:10     | Bought a potion of experience for 700 gold pieces
 12918 | D:10     | Reached skill level 5 in Maces & Flails
 12918 | D:10     | Reached skill level 10 in Armour
 12918 | D:10     | Reached XP level 12. HP: 100/100 MP: 12/12
 12979 | D:11     | Reached XP level 13. HP: 86/106 MP: 13/13
 13196 | D:11     | Identified the +5 ring mail "Trusted Companion" {Int+4}
 13667 | D:11     | Noticed a centaur warrior
 13669 | D:11     | Noticed Urug
 13678 | D:11     | Killed a centaur warrior
 13692 | D:11     | Killed Urug
 14410 | D:11     | Found a runed translucent door.
 14410 | D:11     | Noticed tensugalgo's ghost (journeyman OgCK)
 14561 | D:12     | Noticed Fannar
 14575 | D:12     | Killed Fannar
 14882 | D:12     | Noticed Azrael
 14930 | D:12     | Noticed Kirke
 15301 | Lair:1   | Entered Level 1 of the Lair of Beasts
 15323 | Lair:1   | Noticed a five-headed hydra
 15331 | Lair:1   | Reached skill level 12 in Fighting
 15479 | Orc:1    | Entered Level 1 of the Orcish Mines
 15662 | Orc:1    | Paralysed by an orc sorcerer for 6 turns
 17366 | Orc:2    | Entered Level 2 of the Orcish Mines
 17366 | Orc:2    | Noticed Erolcha
 17395 | Orc:2    | Noticed Saint Roka
 17596 | Orc:2    | Cast into level 2 of the Abyss (Erolcha)
 17603 | Abyss:2  | Identified the +10 fustibalus "Joupliorch" {freeze, Int+3}
 17671 | Abyss:2  | Noticed a tentacled starspawn
 17690 | Abyss:2  | Noticed a starcursed mass
 17715 | Abyss:2  | HP: 5/109 [starcursed mass/accursed screaming (16)]
 17721 | Abyss:2  | Killed from afar by a raiju

Illustrated notes

Levels and vault maps discovered:
D:1:      ncdulo_smallfort, layout_loops_ring,
          chequers_ecumenical_altar_simple_redux, hex_tiny
D:2:      layout_basic
D:3:      layout_basic, minitemple
D:4:      layout_loops_ring, kennysheep_slug_shrine, led_sif_pool,
          mainiacjoe_overflow_catch_the_wave, nicolae_shop_fire_sale
          [nicolae_sub_dead_trees], uniq_eustachio
D:5:      layout_cave_pools, mainiacjoe_overflow_tiny_flanked,
          minmay_temple_entry_trees
D:6:      layout_basic, enter_ossuary_3, uniq_maggie, uniq_pikel,
          uniq_prince_ribbit1
D:7:      layout_cave_pods
D:8:      layout_basic, serial_shops, nicolae_shop_hallway_plus,
          gammafunk_ghost_berserking_beasts, minmay_misc_feat_enclosed,
          uniq_maurice
D:9:      layout_irregular_city, mainiacjoe_overflow_cross_hatched
D:10:     layout_roguey, makhleb_altar_promises_db, okawaru_trees_1,
          erik_lair_orcish_takeover, david_orc_3, serial_shops, shop
D:11:     layout_long_grid, gammafunk_ghost_grave, minivault_20, uniq_urug
D:12:     layout_rooms, uniq_fannar, uniq_azrael, uniq_kirke
Lair:1:   layout_cave_pods, infiniplex_staircase_pool_2, grunt_megastairs_3
Orc:1:    layout_caves, minmay_orc_temple_a
Orc:2:    pf_orc_diabolical, layout_caves, uniq_erolcha, uniq_saint_roka
Abyss:2:  base:
Lair:2

Skill      XL: |  1  2  3  4  5  6  7  8  9 10 11 12 13 |
---------------+----------------------------------------+-----
Dodging        | 1 2 3 5 6 7 8 |  8.4
Fighting       | 4 5 6 8 9 11 12 | 12.5
Axes           | 3 4 5 6 7 8 |  8.8
Shields        | 4 5 6 7 8 9 |  9.2
Armour         | 4 5 6 7 10 11 | 11.0
Maces & Flails | 5 |  5.8

Action                   |  1- 3 |  4- 6 |  7- 9 | 10-12 | 13-15 || total
-------------------------+-------+-------+-------+-------+-------++-------
Melee: War axe           |   102 |   114 |   289 |   571 |   436 ||  1512
       Hand axe          |       |       |       |     8 |       ||     8
       Battleaxe         |       |       |       |     5 |       ||     5
Evoke: Wand              |       |    11 |    12 |    14 |     5 ||    42
  Use: Potion            |     1 |     4 |     6 |     5 |     9 ||    25
       Scroll            |       |       |     7 |    10 |     7 ||    24
 Stab: Invisible         |       |       |     3 |       |       ||     3
       Distracted        |       |       |       |       |     2 ||     2
Armor: Scale mail        |    27 |       |    68 |    52 |       ||   147
       Chain mail        |    22 |    70 |    54 |       |       ||   146
       Skin              |       |       |     3 |    26 |       ||    29
       Plate armour      |       |       |       |   237 |   263 ||   500
Dodge: Dodged            |    34 |    44 |   157 |   179 |   138 ||   552
       Repelled          |       |       |       |     3 |       ||     3
Block: Buckler           |    22 |    35 |    79 |    41 |       ||   177
       Kite shield       |       |       |       |   319 |   371 ||   690

Table legend: (Time is in decaauts)
 A = Elapsed time spent in this place.
 B = Non-inter-level travel time spent in this place.
 C = Inter-level travel time spent in this place.
 D = Time resting spent in this place.
 E = Time spent auto-exploring this place.
 F = Levels seen in this place.
 G = Mean time per level.
                   A        B        C        D        E       F      G
               +--------+--------+--------+--------+--------+-----+--------+
         Total |  18122 |  17125 |    997 |   3432 |   9369 |  17 | 1066.0 |
       Dungeon |  16430 |  15492 |    938 |   3333 |   8710 |  12 | 1369.2 |
          Lair |    151 |    132 |     19 |      0 |     30 |   1 |  151.0 |
  Orcish Mines |    877 |    838 |     39 |     99 |    377 |   2 |  438.5 |
         Abyss |    128 |    128 |      0 |      0 |      0 |   1 |  128.0 |
       Ossuary |    534 |    534 |      0 |      0 |    252 |   1 |  534.0 |
               +--------+--------+--------+--------+--------+-----+--------+

Top non-repeatable levels by time:
    D:10: 2877 daAuts
     D:4: 2387 daAuts
    D:11: 1829 daAuts
     D:8: 1579 daAuts
     D:9: 1184 daAuts
     D:3: 1140 daAuts
     D:1: 1107 daAuts
     D:5: 1101 daAuts
     D:7: 1018 daAuts
     D:6: 848 daAuts
     D:2: 848 daAuts
   Orc:1: 816 daAuts
 Ossuary: 534 daAuts
    D:12: 506 daAuts
  Lair:1: 151 daAuts
